[Event "Titled Tuesday Blitz January 17 Early 2023"]
[White "Dilmukhametov, Artur"]
[Black "Stead, Kerry"]
[WhiteFideId "24179922"]
[BlackFideId "3202577"]
[WhiteElo "2276"]
[BlackElo "1908"]
[Result "1-0"]
[Round "11"]
[TimeControl "180+2"]
[Date "2023.01.17"]
[WhiteClock "0:00:28"]
[BlackClock "0:00:01"]

1. d4 c5 2. d5 f5 3. c4 g6 4. Nc3 Bg7 5. Bg5 Bxc3+ 6. bxc3 Qa5 7. Qc2 d6 8. e3 Nd7 9. Nf3 Ngf6 10. Bd3 Ne5 11. Nxe5 dxe5 12. O-O e4 13. Be2 Bd7 14. Bxf6 exf6 15. Rfb1 O-O-O 16. Qb3 Qa6 17. a4 g5 18. f3 h5 19. fxe4 fxe4 20. Qc2 Rde8 21. Ra2 Kb8 22. Qb3 Bc8 23. Qa3 Qd6 24. Rab2 Ka8 25. a5 Re7 26. a6 b6 27. Qa4 f5 28. Qc2 f4 29. exf4 gxf4 30. Rf1 Rg8 31. Qc1 Reg7 32. Bxh5 f3 33. g3 Rxg3+ 34. hxg3 Qxg3+ 35. Kh1 Bh3 36. Rg1 Bg2+ 37. Rgxg2 fxg2+ 38. Kg1 Rh8 39. Rxg2 Qd3 40. Qf4 Qb1+ 41. Qf1 Qxf1+ 42. Kxf1 Kb8 43. Be2 Kc7 44. Rg4 Re8 45. Kf2 Kd6 46. Ke3 Rh8 47. Rxe4 Rh3+ 48. Bf3 b5 49. Re6+ Kd7 50. cxb5 Rh2 51. c4 1-0


[Site "https://www.chess.com"]

[Event "Titled Tuesday Blitz January 17 Early 2023"]
[White "Kuchava, Ana"]
[Black "Necula, Iulian"]
[WhiteFideId "13605348"]
[BlackFideId "1232380"]
[WhiteElo "2101"]
[BlackElo "1851"]
[Result "1-0"]
[Round "11"]
[TimeControl "180+2"]
[Date "2023.01.17"]
[WhiteClock "0:00:07"]
[BlackClock "0:00:10"]

1. d4 f5 2. Nc3 Nf6 3. Bg5 g6 4. Bxf6 exf6 5. e4 d6 6. Bd3 fxe4 7. Nxe4 f5 8. Nc3 c6 9. Nf3 Bg7 10. Qe2+ Qe7 11. Qxe7+ Kxe7 12. O-O-O h6 13. Rhe1+ Kf7 14. h4 Nd7 15. Bc4+ d5 16. Nxd5 cxd5 17. Bxd5+ Kf8 18. Re6 Nf6 19. Rd6 Nxd5 20. Rxd5 Be6 21. Rc5 Rc8 22. Rxc8+ Bxc8 23. c4 Ke7 24. Re1+ Kd6 25. c5+ Kd5 26. Kc2 b6 27. b4 bxc5 28. dxc5 Be6 29. Rd1+ Kc4 30. a3 a5 31. Rd6 Re8 32. Nd2+ Kb5 33. Rb6+ Ka4 34. bxa5 Kxa5 35. Rb7 Ba1 36. c6 Rc8 37. c7 Be5 38. Nb3+ Bxb3+ 39. Kxb3 Rxc7 40. Rb8 Rc6 41. Ra8+ Kb6 42. Rg8 h5 43. a4 Bc7 44. f3 Re6 45. g4 fxg4 46. fxg4 hxg4 47. Rf8 g3 48. Rf1 g2 49. Rg1 Re2 50. Kc3 Bh2 51. Rb1+ Ka6 52. Kd3 1-0


[Site "https://www.chess.com"]

[Event "Titled Tuesday Blitz January 17 Early 2023"]
[White "Mitrovic, Darko R"]
[Black "Soumya, Swaminathan"]
[WhiteFideId "927023"]
[BlackFideId "5016193"]
[WhiteElo "2220"]
[BlackElo "2293"]
[Result "0-1"]
[Round "11"]
[TimeControl "180+2"]
[Date "2023.01.17"]
[WhiteClock "0:00:17"]
[BlackClock "0:00:24"]

1. d4 Nf6 2. Nf3 g6 3. g3 Bg7 4. Bg2 O-O 5. O-O d5 6. c4 dxc4 7. Qa4 Be6 8. Ng5 Bd7 9. Qxc4 c6 10. Nc3 h6 11. Nf3 Be6 12. Qd3 Na6 13. e4 b5 14. Re1 Qc8 15. Bf4 Rd8 16. Rac1 Qb7 17. a3 Rac8 18. h3 Qb6 19. Qe3 Kh7 20. Be5 Qb7 21. Rcd1 0-1


[Site "https://www.chess.com"]

[Event "Titled Tuesday Blitz January 17 Early 2023"]
[White "Vargas, Mauricio"]
[Black "Larina, Maria"]
[WhiteFideId "4404572"]
[BlackFideId "24113182"]
[WhiteElo "2035"]
[BlackElo "1948"]
[Result "0-1"]
[Round "11"]
[TimeControl "180+2"]
[Date "2023.01.17"]
[WhiteClock "0:00:01"]
[BlackClock "0:00:56"]

1. e4 c6 2. Nc3 d5 3. e5 d4 4. Ne4 c5 5. f4 Nc6 6. Nf3 Bf5 7. Ng3 Bg4 8. Bb5 Qb6 9. Bxc6+ Qxc6 10. O-O e6 11. h3 Bxf3 12. Rxf3 Ne7 13. f5 exf5 14. Nxf5 Nxf5 15. Rxf5 g6 16. Rf6 Qd5 17. Qf1 Bg7 18. d3 Bxf6 19. exf6 O-O-O 20. Bf4 Rde8 21. Bh2 Re6 22. Qf4 Kd7 23. Qc7+ Ke8 0-1


[Site "https://www.chess.com"]

[Event "Titled Tuesday Blitz January 17 Early 2023"]
[White "Fernandez Hernandez, Gerardo"]
[Black "Mayaud, Raphael"]
[WhiteFideId "2207400"]
[BlackFideId "627151"]
[WhiteElo "2181"]
[BlackElo "2201"]
[Result "0-1"]
[Round "11"]
[TimeControl "180+2"]
[Date "2023.01.17"]
[WhiteClock "0:00:01"]
[BlackClock "0:00:08"]

1. e4 c5 2. d3 e5 3. g3 Nc6 4. Bg2 d6 5. Nc3 g6 6. f4 Bg7 7. Nf3 Nge7 8. f5 gxf5 9. Nh4 f4 10. gxf4 Ng6 11. Nxg6 hxg6 12. Be3 Qh4+ 13. Bf2 Qxf4 14. Nd5 Qg5 15. Qf3 Nd4 16. Bxd4 cxd4 17. Nc7+ Ke7 18. Nxa8 Bg4 19. Qg3 Bh6 20. O-O Qe3+ 21. Qf2 Rxa8 22. Qxe3 dxe3 23. Bf3 e2 24. Bxg4 exf1=Q+ 25. Rxf1 Be3+ 26. Kg2 Rh8 27. c3 Bf4 28. h3 Kf6 29. d4 Kg5 30. d5 f5 31. Bf3 Kf6 32. Rf2 Rc8 33. Rc2 b5 34. b3 a5 35. c4 bxc4 36. Rxc4 Rxc4 37. bxc4 Ke7 38. Kf1 Be3 39. Ke2 Bc5 40. Kd3 Kf6 41. Ke2 Kg5 42. Kf1 Kf4 43. exf5 gxf5 44. Ke2 e4 45. Bh5 Kg3 46. Bg6 Kf4 47. h4 Ke5 48. h5 Kf6 49. Bh7 Kg5 50. Bg6 e3 51. Bh7 Bd4 52. Bg6 f4 53. Kf3 Be5 54. Bh7 Kxh5 55. Be4 Kg5 56. Bh7 Kf6 57. Bd3 Ke7 58. Bc2 Kd7 59. Ba4+ Kc7 60. Bb5 Kb6 61. Ke2 Kc5 62. Kf3 Kd4 63. Ba6 Kc3 64. Bb5 Kd2 0-1